AoeStats
← BottleDry

Black Forest

506312981Analyzed
4v4 RM · 20d ago on Sep 13, 2026· 47m 56s· 8 players
Game mode
Random Map
Map size
Large (8 player)
Population
200
Speed
Normal
Resources
Standard
Victory
Conquest
Starting age
Dark Age
Ending age
Imperial Age
RankedLock teamsTeams togetherTeam positionsShared explorationLock speedFull tech treeHidden civsTurbo modeCheats
Victory
Defeat
🇺🇸 Slavs · United States
1053
+12
🇦🇷 Cumans · Argentina
958
+16
🇨🇳 Vietnamese · China
948
+17
🇺🇸 Bohemians · United States
904
+20
🇨🇴 Bohemians · Colombia
1007
-18
🇲🇽 Malians · Mexico
979
-17
🇦🇷 Italians · Argentina
970
-16
🇨🇴 Khmer · Colombia
911
-14
BottleDry
10:36 Loom
12:30 Feudal Age
16:33 Castle Age
14:58 Double-Bit Axe
15:04 Horse Collar
20:35 Bow Saw
20:35 Heavy Plow
22:33 Wheelbarrow
26:25 Hand Cart
25:56 Town Watch
26:38 Hand Cart
32:11 Imperial Age
29:33 Town Watch
29:45 Pikeman
30:26 Squires
30:13 Arson
30:30 Scale Mail Armor
30:40 Forging
32:40 Chemistry
32:02 Ballistics
31:39 Murder Holes
32:41 Chain Mail Armor
33:01 Iron Casting
32:20 Halberdier
32:42 Houfnice
35:07 Plate Mail Armor
35:39 Blast Furnace
35:30 Siege Engineers
35:33 Wagenburg Tactics
35:51 Conscription
37:44 Two-Man Saw
36:48 Town Patrol
38:11 Fletching
DreamMurders
0:31 Loom
15:15 Feudal Age
21:27 Castle Age
23:14 Double-Bit Axe
24:44 Wheelbarrow
24:27 Bow Saw
26:26 Horse Collar
27:56 Hand Cart
30:19 Heavy Plow
30:37 Stone Mining
31:40 Gold Mining
33:30 Gold Shaft Mining
33:08 Forging
32:58 Scale Mail Armor
36:18 Imperial Age
33:35 Town Watch
33:24 Man-at-Arms
34:06 Squires
35:57 Chain Mail Armor
35:49 Scale Barding Armor
37:15 Caravan
37:45 Coinage
36:54 Onager
38:13 Iron Casting
37:07 Long Swordsman
38:15 Siege Engineers
39:25 Crop Rotation
39:58 Two-Man Saw
39:37 Banking
39:07 Siege Onager
39:11 Two-Handed Swordsman
39:55 Detinets
40:00 Champion
42:01 Chemistry
41:44 Druzhina
42:04 Conscription
43:49 Town Patrol
43:34 Pikeman
43:40 Elite Boyar
45:12 Halberdier
HUGO QPA
0:36 Loom
12:14 Feudal Age
12:51 Town Watch
12:50 Man-at-Arms
15:25 Forging
15:52 Arson
20:20 Scale Mail Armor
22:18 Wheelbarrow
28:25 Castle Age
26:56 Gold Mining
27:17 Scale Barding Armor
27:23 Scale Barding Armor
27:18 Horse Collar
27:33 Double-Bit Axe
28:46 Bloodlines
31:35 Gold Shaft Mining
32:06 Hand Cart
35:39 Stone Mining
36:07 Bow Saw
41:30 Imperial Age
39:02 Town Patrol
39:21 Stone Mining
42:19 Cavalier
43:50 Iron Casting
43:56 Chain Barding Armor
45:51 Blast Furnace
44:57 Heavy Plow
47:20 Conscription
low hand
7:22 Loom
13:07 Feudal Age
14:12 Double-Bit Axe
18:01 Castle Age
17:33 Gold Mining
17:38 Stone Mining
18:51 Wheelbarrow
18:51 Horse Collar
21:39 Bow Saw
23:32 Elite Skirmisher
25:36 Gold Mining
26:26 Stone Shaft Mining
28:32 Hand Cart
28:42 Ballistics
28:03 Treadmill Crane
28:16 Gold Mining
33:40 Thumb Ring
34:44 Padded Archer Armor
38:12 Fletching
42:12 Imperial Age
39:45 Bodkin Arrow
40:21 Chatras
42:34 Leather Archer Armor
43:46 Imperial Skirmisher
44:10 Capped Ram
46:38 Chemistry
46:14 Paper Money
47:38 Elite Rattan Archer
Chaviz3611
7:32 Loom
10:54 Feudal Age
11:19 Double-Bit Axe
15:31 Stone Mining
17:53 Castle Age
19:52 Scale Mail Armor
20:07 Forging
21:13 Forging
23:58 Squires
24:55 Arson
27:21 Scale Mail Armor
39:50 Chain Mail Armor
45:33 Iron Casting
48:20 Imperial Age
46:30 Wheelbarrow
MKNT | Jpanda
0:39 Loom
12:32 Feudal Age
19:11 Castle Age
19:28 Gold Mining
19:22 Horse Collar
19:32 Double-Bit Axe
31:15 Imperial Age
31:13 Ballistics
30:57 Padded Archer Armor
30:51 Stone Mining
31:15 Bow Saw
32:02 Wheelbarrow
33:31 Chemistry
32:50 Leather Archer Armor
32:56 Heavy Plow
39:42 Ring Archer Armor
MKNT | MSP
2:22 Loom
2:58 Loom
3:45 Loom
17:35 Feudal Age
24:23 Double-Bit Axe
28:00 Wheelbarrow
29:56 Horse Collar
33:30 Castle Age
33:40 Crossbowman
35:24 Wheelbarrow
35:44 Fletching
36:13 Bow Saw
39:32 Heavy Plow
41:58 Wagenburg Tactics
45:18 Imperial Age
43:20 Elite Skirmisher
44:28 Bodkin Arrow
44:33 Padded Archer Armor
46:33 Chemistry
47:55 Leather Archer Armor
47:41 Bracer
47:08 Pikeman
47:49 Squires
OSS_MAN
10:36 Feudal Age
11:32 Double-Bit Axe
12:26 Horse Collar
21:49 Castle Age
21:40 Wheelbarrow
22:55 Bow Saw
22:38 Gold Mining
26:59 Gold Shaft Mining
26:15 Stone Mining
26:32 Loom
30:29 Hand Cart
35:24 Imperial Age
35:31 Imperial Age
36:27 Stone Shaft Mining
40:33 Heavy Plow
40:11 Elite Battle Elephant
41:52 Scale Barding Armor
41:58 Forging
Connection lost

Rejoining the realm…

Still unreachable

The connection could not be restored.

Session expired

The server has moved on; the page needs a fresh start.